 Dungeon Crawl Stone Soup version 0.18.1-48-g4cf74bf (webtiles) character file.

4902 TMPSMX the Severer (level 10, -9/77 HPs)
             Began as a Minotaur Berserker on Sept 11, 2016.
             Was a High Priest of Trog.
             Mangled by Grum
             ... wielding a +0 halberd
              (22 damage)
             ... on level 9 of the Dungeon.
             The game lasted 01:42:49 (10352 turns).

TMPSMX the Severer (Minotaur Berserker)            Turns: 10352, Time: 01:42:50

Health: -9/77      AC:  9    Str: 23    XL:     10   Next: 27%
Magic:  0/18       EV:  3    Int:  4    God:    Trog [*****.]
Gold:   599        SH:  0    Dex: 12    Spells: 0 memorised, 9 levels left

rFire  + . .     SeeInvis .     k - +0 battleaxe
rCold  . . .     Gourm    .     K - +0 chain mail
rNeg   . . .     Faith    .     (shield currently unavailable)
rPois  .         Spirit   +     (helmet restricted)
rElec  .         Dismiss  .     W - +0 cloak {MR+}
rCorr  .         Reflect  .     (no gloves)
SustAt .         Harm     .     (no boots)
MR     +....                    o - amulet of guardian spirit
Stlth  ..........               p - ring of magical power
                                j - ring of protection from fire

@: exhausted, very slightly contaminated, slowed, drained, very slow, somewhat
resistant to hostile enchantments, extremely unstealthy
A: retaliatory headbutt, horns 2
a: Berserk, Trog's Hand, Brothers in Arms, Burn Spellbooks, Renounce Religion


You were on level 9 of the Dungeon.
You worshipped Trog.
Trog was extremely pleased with you.
You were hungry.

You visited 1 branch of the dungeon, and saw 9 of its levels.
You also visited: Sewer.

You collected 599 gold pieces.

Inventory:

Hand Weapons
 a - a +0 hand axe
 g - a +1 hand axe
 k - a +0 battleaxe (weapon)
 F - a +0 war axe
 I - a +0 shortbow
Missiles
 X - 4 silver tomahawks (quivered)
 Y - 8 exploding tomahawks
Armour
 b - a +0 animal skin
 e - the +2 leather armour "Tywanar" {rN+}
   (You found it on level 4 of the Dungeon)

   It protects you from negative energy.
 f - a +0 ring mail
 t - a +0 buckler
 K - a +0 chain mail (worn)
 W - a +0 cloak of magic resistance (worn)
Jewellery
 j - a ring of protection from fire (left hand)
 o - an amulet of guardian spirit (around neck)
 p - a ring of magical power (right hand)
 E - a cursed ring of protection from fire
 P - an uncursed amulet of harm {unknown}
 Q - an uncursed ring of flight {unknown}
 V - an uncursed ring of poison resistance {unknown}
Wands
 u - a wand of slowing (38/48)
 w - a wand of lightning (8/15)
 y - a wand of acid (8/15)
 D - a wand of confusion (29/48)
 M - a wand of teleportation (5/9)
 O - a wand of acid (4/15)
 T - a wand of flame (25/48)
Scrolls
 d - 4 scrolls of fog
 h - a scroll of blinking
 l - 4 scrolls of enchant weapon
 r - 4 scrolls of teleportation
 v - 2 scrolls of identify
 A - 2 scrolls of fear
 B - 2 scrolls of remove curse
 J - a scroll of recharging
Potions
 i - 4 potions of flight
 n - 3 potions of lignification
 q - a potion of heal wounds
 s - a potion of agility
 z - a potion of magic
 C - a potion of cancellation
 H - 2 potions of berserk rage
 L - 2 potions of brilliance {unknown}
 N - a potion of curing {unknown}
 S - a potion of might {unknown}
 U - 2 potions of resistance {unknown}
Comestibles
 c - 5 bread rations
 m - 4 meat rations
 x - 2 royal jellies
 G - a fruit


   Skills:
 - Level 3.6(3.1) Fighting
 + Level 17.0(16.3) Axes
 - Level 2.4(1.9) Armour
 - Level 2.1(1.6) Dodging


You had 9 spell levels left.
You didn't know any spells.

Dungeon Overview and Level Annotations

Branches:
Dungeon (9/15)             Temple (0/1) D:5
   Lair: D:8-11         Orc: D:9-12

Altars:
Ashenzari
Elyvilon
Gozag
Makhleb
Nemelex Xobeh
Okawaru
Pakellas
Sif Muna
Trog

Shops:
D:6 (

Annotations:
D:9 Grum


Innate Abilities, Weirdness & Mutations

You reflexively headbutt those who attack you in melee.
You have a pair of horns on your head.


Message History

A gnoll comes into view.
Grum closely misses you.
The gnoll moves out of view.
You feel your anger subside.
A gnoll comes into view. It is wielding a whip.
You are no longer berserk.
You are exhausted.
You feel yourself slow down.
You are feeling hungry.
The gnoll shouts!
Grum hits you from afar with a halberd!
* * * LOW HITPOINT WARNING * * *
The gnoll moves out of view.
Blink to where?
Press: ? - help, Dir - move target cursor You are very lightly contaminated with residual magic.
As you read the scroll of blinking, it crumbles to dust.
You see here 10 bolts.
There is a stone staircase leading up here.
Grum hits you from afar with a halberd!!
You die... ################## ..........g.hhg.@# ##################

You could see Grum, 2 wolves and a gnoll.

Vanquished Creatures
  Pikel (D:5)
  Maurice (D:8)
  Grinder (D:5)
  A wyvern (D:8)
  A hippogriff (D:8)
  Menkaure (D:5)
  An orc warrior (D:9)
  3 ice beasts
  3 sky beasts
  A phantom (D:8)
  7 centaurs
  An eye of draining (D:6)
  A crocodile (Sewer)
  4 giant frogs
  2 scorpions
  3 killer bees (D:5)
  3 wights (D:5)
  A howler monkey (D:4)
  A crimson imp (D:5)
  6 hounds
  A jelly (D:5)
  6 orc priests
  A wasp zombie (D:9)
  8 orc wizards
  5 iguanas
  A giant frog skeleton (D:8)
  10 worker ants
  A hound zombie (D:8)
  A howler monkey zombie (D:5)
  5 gnolls (D:5)
  8 adders
  A shadow imp (D:5)
  2 oozes
  4 adder skeletons
  An adder zombie (D:6)
  6 worms
  6 giant geckos
  20 orcs
  6 giant cockroaches
  34 goblins
  20 hobgoblins
  3 jackals (D:4)
  14 kobolds
  3 quokkas (D:5)
  2 ball pythons
  8 bats
  4 giant newts
  A jackal zombie (D:7)
  A quokka zombie (D:5)
  7 rats
233 creatures vanquished.

Vanquished Creatures (others)
  A sphinx (D:2)
  A slave (D:5)
  9 goblins (D:5)
  3 hobgoblins (D:5)
  A giant newt (D:5)
15 creatures vanquished.

Grand Total: 248 creatures vanquished

Notes
Turn   | Place    | Note
--------------------------------------------------------------
     0 | D:1      | TMPSMX the Minotaur Berserker began the quest for the Orb.
     0 | D:1      | Reached XP level 1. HP: 19/19 MP: 0/0
   216 | D:1      | Reached skill level 4 in Axes
   329 | D:1      | Reached XP level 2. HP: 24/26 MP: 1/1
  1091 | D:2      | Reached ** piety under Trog
  1091 | D:2      | Reached skill level 5 in Axes
  1099 | D:2      | Reached XP level 3. HP: 31/31 MP: 2/2
  1170 | D:2      | Found an oddly glowing altar of Pakellas.
  1171 | D:2      | Noticed a sphinx
  1178 | D:2      | Killed a sphinx
  1750 | D:3      | Reached skill level 6 in Axes
  1750 | D:3      | Reached XP level 4. HP: 32/39 MP: 1/3
  2103 | D:3      | Found an iron altar of Okawaru.
  2682 | D:4      | Got a distressingly furry leather armour
  2693 | D:4      | Identified the +2 leather armour "Tywanar" {rN+} (You found it on level 4 of the Dungeon)
  2896 | D:4      | Reached skill level 7 in Axes
  2896 | D:4      | Reached XP level 5. HP: 26/45 MP: 4/4
  3305 | D:4      | Noticed an ice beast
  3312 | D:4      | Killed an ice beast
  3312 | D:4      | Reached skill level 8 in Axes
  3517 | D:4      | Reached XP level 6. HP: 49/51 MP: 5/5
  3567 | D:4      | Reached *** piety under Trog
  3590 | D:4      | Reached skill level 9 in Axes
  4050 | D:4      | Found a burning altar of Makhleb.
  4135 | D:4      | Reached XP level 7. HP: 57/57 MP: 6/6
  4161 | D:5      | Entered Level 5 of the Dungeon
  4245 | D:5      | Reached skill level 10 in Axes
  4249 | D:5      | Received a gift from Trog
  4520 | D:5      | Found a shattered altar of Ashenzari.
  4526 | D:5      | Noticed Grinder
  4536 | D:5      | Killed Grinder
  4536 | D:5      | Reached skill level 11 in Axes
  4562 | D:5      | Found a staircase to the Ecumenical Temple.
  4645 | D:5      | Found a glowing drain.
  4649 | Sewer    | Entered a sewer
  4676 | Sewer    | Reached XP level 8. HP: 49/64 MP: 7/7
  5147 | D:5      | Reached skill level 12 in Axes
  5705 | D:5      | Reached **** piety under Trog
  5726 | D:5      | Noticed Pikel
  5734 | D:5      | Killed Pikel
  5734 | D:5      | Reached skill level 13 in Axes
  5734 | D:5      | Reached XP level 9. HP: 70/70 MP: 8/8
  6003 | D:5      | Noticed Menkaure
  6013 | D:5      | Killed Menkaure
  6013 | D:5      | Reached skill level 14 in Axes
  6474 | D:5      | Reached ***** piety under Trog
  6480 | D:5      | Received a gift from Trog
  6688 | D:6      | Found Derhana's Antique Weapon Emporium.
  7089 | D:6      | Found a bloodstained altar of Trog.
  7436 | D:6      | Found an opulent altar of Gozag.
  7775 | D:7      | Found a white marble altar of Elyvilon.
  7775 | D:7      | Found a deep blue altar of Sif Muna.
  7816 | D:7      | Reached skill level 15 in Axes
  7956 | D:7      | Received a gift from Trog
  8636 | D:8      | Found a sparkling altar of Nemelex Xobeh.
  8668 | D:8      | Reached skill level 16 in Axes
  9301 | D:8      | Reached XP level 10. HP: 77/77 MP: 9/9
  9395 | D:8      | Noticed Maurice
  9428 | D:8      | Killed Maurice
 10317 | D:9      | Noticed Grum
 10330 | D:9      | Reached skill level 17 in Axes
 10352 | D:9      | Mangled by Grum

Skill      XL: |  1  2  3  4  5  6  7  8  9 10 |
---------------+-------------------------------+-----
Axes           | 4 5 6 7 8 9 11 13 16 17 | 17.0
Fighting       | |  3.6
Armour         | |  2.4
Dodging        | |  2.1

Action                   |  1- 3 |  4- 6 |  7- 9 | 10-12 || total
-------------------------+-------+-------+-------+-------++-------
Melee: Hand axe          |    64 |    59 |       |       ||   123
       Headbutt          |    12 |    20 |    55 |    11 ||    98
       War axe           |       |    47 |   202 |       ||   249
       Battleaxe         |       |       |    96 |    51 ||   147
Invok: Berserk           |     1 |     1 |     3 |     1 ||     6
       Trog's Hand       |       |       |     2 |       ||     2
  Use: Scroll            |     4 |     9 |     7 |     1 ||    21
       Potion            |       |     1 |       |     2 ||     3
 Stab: Sleeping          |     2 |       |       |       ||     2
  Eat: Chunk             |     4 |     3 |    20 |     4 ||    31
       Bread ration      |       |     1 |       |       ||     1
Armor: Animal skin       |     9 |     4 |       |       ||    13
       Leather armour    |       |    11 |    49 |       ||    60
       Chain mail        |       |       |    56 |    19 ||    75
Dodge: Dodged            |    46 |    67 |   171 |    15 ||   299
